 Dungeon Crawl Stone Soup version 0.19.1 (webtiles) character file.

3352 Mefis the Thaumaturge (level 9, -8/48 HPs)
             Began as a Deep Elf Wizard on Dec 10, 2016.
             Was a Believer of Sif Muna.
             Shot with an arrow by a centaur warrior (28 damage)
             ... on level 8 of the Dungeon.
             The game lasted 00:32:34 (10886 turns).

Mefis the Thaumaturge (Deep Elf Wizard)            Turns: 10886, Time: 00:32:35

Health: -8/48      AC:  6    Str:  4    XL:     9   Next: 72%
Magic:  9/24       EV: 14    Int: 27    God:    Sif Muna [**....]
Gold:   423        SH:  0    Dex: 13    Spells: 11 memorised, 5 levels left

rFire  . . .     SeeInvis .     M - +3 scimitar
rCold  . . .     Gourm    .     q - +0 robe
rNeg   . . .     Faith    .     (no shield)
rPois  .         Spirit   .     m - +0 hat
rElec  .         Reflect  .     J - +0 cloak
rCorr  .         Harm     .     C - +2 pair of gloves
MR     +....                    (no boots)
Stlth  +++.......               w - amulet of regeneration
                                (no ring)
                                h - ring of protection from magic

@: very slightly contaminated
A: no striking features
a: Divine Energy, Renounce Religion


You were on level 8 of the Dungeon.
You worshipped Sif Muna.
Sif Muna was pleased with you.
You were hungry.

You visited 2 branches of the dungeon, and saw 9 of its levels.

You collected 423 gold pieces.

Inventory:

Hand Weapons
 a - a +2 mace of holy wrath
 b - a +0 hunting sling
 z - a +0 dagger
 M - a +3 scimitar (weapon)
 T - a +2 whip of flaming
 U - a +0 vampiric trident
Missiles
 i - 91 bolts
 u - 71 sling bullets
 B - 72 poisoned needles
 H - 2 throwing nets (quivered)
Armour
 m - a +0 hat (worn)
 q - a +0 robe (worn)
 C - a +2 pair of gloves (worn)
 J - a +0 cloak (worn)
Jewellery
 h - a ring of protection from magic (left hand)
 w - an amulet of regeneration (around neck)
Wands
 f - a wand of iceblast (7/15)
 F - a wand of teleportation (7/9)
 G - a wand of lightning (0/15)
 K - a wand of random effects (39/48)
 L - a wand of confusion (11/48)
 N - a wand of iceblast (0/15)
 S - a wand of iceblast (3/15)
Scrolls
 g - 2 scrolls of teleportation
 j - 3 scrolls of fog
 r - 2 scrolls of enchant armour
 s - 2 scrolls of remove curse
 x - 2 scrolls of enchant weapon
 y - a scroll of noise {unknown}
 E - 2 scrolls of fear
 I - 3 scrolls of magic mapping {unknown}
 R - a scroll of random uselessness {unknown}
 W - a scroll of identify
Potions
 e - 4 potions of curing
 l - 3 potions of heal wounds
 o - 2 potions of haste {unknown}
 p - a potion of flight {unknown}
 v - 2 potions of agility {unknown}
 A - a potion of might {unknown}
 Q - 3 potions of brilliance {unknown}
 X - a potion of cancellation {unknown}
Books
 c - a book of Minor Magic

   Spells                             Type                      Level
   a - Magic Dart                     Conjuration                  1
   b - Blink                          Translocation                2
   c - Call Imp                       Summoning                    2
   d - Repel Missiles                 Charms/Air                   2
   e - Slow                           Hexes                        2
   f - Conjure Flame                  Conjuration/Fire             3
   g - Mephitic Cloud                 Conjuration/Poison/Air       3
 O - a book of Cantrips

   Spells                             Type                      Level
   a - Confusing Touch                Hexes                        1
   b - Animate Skeleton               Necromancy                   1
   c - Summon Small Mammal            Summoning                    1
   d - Apportation                    Translocation                1
 P - a book of Party Tricks

   Spells                             Type                      Level
   a - Summon Butterflies             Summoning                    1
   b - Apportation                    Translocation                1
   c - Lesser Beckoning               Translocation                3
   d - Tukima's Dance                 Hexes                        3
   e - Alistair's Intoxication        Transmutation/Poison         5
   f - Invisibility                   Hexes                        6
Comestibles
 d - 3 bread rations
 k - 3 beef jerkies
 n - a royal jelly
 t - 4 meat rations
 D - a slice of pizza


   Skills:
 - Level 2.1 Fighting
 + Level 4.9 Dodging
 - Level 4.6 Stealth
 * Level 9.4 Spellcasting
 + Level 6.4 Conjurations
 * Level 5.5 Hexes
 + Level 4.3 Summonings
 + Level 2.2 Necromancy
 + Level 2.6 Translocations
 - Level 3.8 Air Magic
 - Level 3.4 Poison Magic
 + Level 2.3 Invocations
 + Level 2.1 Evocations


You had 5 spell levels left.
You knew the following spells:

 Your Spells              Type           Power        Failure   Level  Hunger
a - Magic Dart            Conj           ####         1%          1    None
b - Summon Butterflies    Summ           #####...     1%          1    None
c - Blink                 Tloc           N/A          1%          2    None
d - Repel Missiles        Chrm/Air       ###...       3%          2    None
e - Mephitic Cloud        Conj/Pois/Air  #####...     2%          3    None
f - Conjure Flame         Conj/Fire      ####....     3%          3    None
g - Slow                  Hex            #####...     1%          2    None
h - Tukima's Dance        Hex            #####...     1%          3    None
n - Call Imp              Summ           #####...     1%          2    None
v - Animate Skeleton      Necr           N/A          1%          1    None
A - Confusing Touch       Hex            #####.       1%          1    None


Dungeon Overview and Level Annotations

Branches:
Dungeon (8/15)             Temple (1/1) D:4
   Lair: D:8-11

Altars:
Ashenzari
Cheibriados
Dithmenos
Elyvilon
Fedhas
Gozag
Hepliaklqana
Kikubaaqudgha
Makhleb
Nemelex Xobeh
Okawaru
Qazlal
Ru
Sif Muna
Trog
Uskayaw
Vehumet
Xom
Yredelemnul
Zin
The Shining One

Shops:
D:5 *

Annotations:
D:3 Scuka's ghost, novice DrSu
D:4 Scuka's ghost, amateur DrSu


Message History

Nothing appears to happen.
Evoke which item? (* to show all) (? for menu, Esc to quit)
Zapping:
f - a wand of iceblast (will waste charges)
Press: ? - help, Shift-Dir - straight line, f/p - centaur warrior
Aim: a centaur warrior, wielding a longbow (heavily wounded)
The mass of ice explodes!
The iceblast engulfs the centaur warrior.
The centaur warrior is heavily wounded.
The iceblast engulfs the orc priest.
You kill the orc priest!
Sif Muna accepts your kill.
The iceblast engulfs the orc priest.
You kill the orc priest!
Sif Muna accepts your kill.
Evoking this partially-identified wand wasted a few charges.
The centaur warrior shoots an arrow.
The arrow hits you!
A wraith comes into view.
The centaur warrior shoots an arrow.
The arrow hits you!!
Ouch! That really hurt!
You die...

##......## #.##.## ##.....).#
###......######.#...####......)..
.......................'.........
###.....#######.#...##.#..†......
##..### #.##.###.##.......# ##.#
#.#### #.###.....## #># #.(..#
#.####...## #.# ##.### ........##
#.# #8@8# ###.....# #####.# ##(##
##....# .....## #§# ####.##
###### #.# ##.### ... #....


))W ##### ##c## # )). # ... # You could see a centaur warrior and a wraith.

Vanquished Creatures
  Pikel (D:8)
  A hippogriff (D:8)
  2 sky beasts (D:6)
  2 slaves (D:8)
  2 ice beasts
  A phantom (D:4)
  A necrophage (D:5)
  3 ogres
  4 centaurs
  3 bullfrogs
  Blork the orc (D:6)
  A gnoll sergeant (D:8)
  2 scorpions
  4 wights (D:6)
  A howler monkey (D:4)
  3 crimson imps
  2 quasits
  2 centaur zombies
  3 hounds
  A gnoll shaman (D:5)
  3 orc priests (D:8)
  2 orc wizards (D:5)
  A centaur skeleton (D:7)
  An iguana (D:5)
  7 worker ants
  A killer bee zombie (D:5)
  14 gnolls
  2 howler monkey skeletons
  5 adders
  A shadow imp (D:5)
  2 oozes
  2 worms (D:3)
  2 dart slugs (D:2)
  4 leopard geckos
  4 orcs
  4 giant cockroaches
  12 goblins
  15 hobgoblins
  10 jackals
  3 quokkas
  2 ball pythons
  7 bats
  5 frilled lizards
  6 kobolds
  A leopard gecko skeleton (D:4)
  A quokka skeleton (D:5)
  15 rats
172 creatures vanquished.

Vanquished Creatures (collateral kills)
  2 giant cockroaches
  A goblin (D:2)
  3 jackals (D:2)
6 creatures vanquished.

Vanquished Creatures (others)
  A necrophage (D:8)
1 creature vanquished.

Grand Total: 179 creatures vanquished

Notes
Turn   | Place    | Note
-------+----------+-------------------------------------------
     0 | D:1      | Mefis the Deep Elf Wizard began the quest for the Orb.
     0 | D:1      | Reached XP level 1. HP: 10/10 MP: 7/7
   409 | D:1      | Reached XP level 2. HP: 15/15 MP: 5/9
   416 | D:1      | Learned a level 2 spell: Call Imp
   419 | D:1      | Learned a level 2 spell: Blink
   422 | D:1      | Learned a level 2 spell: Repel Missiles
  1184 | D:2      | Reached XP level 3. HP: 19/19 MP: 4/11
  1189 | D:2      | Learned a level 3 spell: Mephitic Cloud
  1245 | D:2      | Reached skill level 5 in Spellcasting
  1569 | D:2      | Reached skill level 1 in Air Magic
  1701 | D:2      | Found a faded altar of an unknown god.
  1945 | D:2      | Reached XP level 4. HP: 24/24 MP: 5/13
  1951 | D:2      | Learned a level 3 spell: Conjure Flame
  2787 | D:3      | Noticed an ogre
  2805 | D:3      | Killed an ogre
  2805 | D:3      | Reached XP level 5. HP: 28/28 MP: 1/15
  2809 | D:3      | Learned a level 2 spell: Slow
  2948 | D:3      | Noticed Scuka's ghost (novice DrSu)
  3569 | D:3      | Found a snail-covered altar of Cheibriados.
  3716 | D:4      | Found a staircase to the Ecumenical Temple.
  3730 | Temple   | Entered the Ecumenical Temple
  3991 | Temple   | Became a worshipper of Sif Muna the Loreminder
  4029 | D:4      | Noticed a phantom
  4264 | D:4      | Noticed Scuka's ghost (amateur DrSu)
  4708 | D:4      | Reached XP level 6. HP: 32/32 MP: 6/16
  4848 | D:4      | Reached skill level 6 in Spellcasting
  4848 | D:4      | Reached skill level 1 in Poison Magic
  5080 | D:4      | Reached skill level 1 in Hexes
  5388 | D:4      | Found a radiant altar of Vehumet.
  5388 | D:4      | Found an opulent altar of Gozag.
  5389 | D:4      | Found a shattered altar of Ashenzari.
  5553 | D:5      | Entered Level 5 of the Dungeon
  5868 | D:5      | Reached skill level 1 in Fighting
  5868 | D:5      | Reached XP level 7. HP: 31/38 MP: 11/18
  6292 | D:5      | Found Kirusew's Assorted Antiques.
  6670 | D:5      | Reached * piety under Sif Muna
  6670 | D:5      | Reached skill level 7 in Spellcasting
  7196 | D:5      | Found an ancient bone altar of Kikubaaqudgha.
  7207 | D:5      | Reached XP level 8. HP: 43/43 MP: 9/20
  7445 | D:6      | Noticed Blork the orc
  7457 | D:6      | Killed Blork the orc
  7546 | D:6      | Found a glowing golden altar of the Shining One.
  7599 | D:6      | Found a sparkling altar of Nemelex Xobeh.
  7817 | D:6      | Reached skill level 5 in Conjurations
  8758 | D:6      | Reached skill level 8 in Spellcasting
  9321 | D:7      | Reached ** piety under Sif Muna
  9535 | D:7      | Reached XP level 9. HP: 48/48 MP: 15/23
  9864 | D:8      | Learned a level 3 spell: Tukima's Dance
  9866 | D:8      | Learned a level 1 spell: Summon Butterflies
  9868 | D:8      | Learned a level 1 spell: Confusing Touch
  9870 | D:8      | Learned a level 1 spell: Animate Skeleton
  9878 | D:8      | Noticed Pikel
  9889 | D:8      | Killed Pikel
  9889 | D:8      | Reached skill level 1 in Necromancy
  9889 | D:8      | Reached skill level 1 in Invocations
  9889 | D:8      | Reached skill level 1 in Evocations
 10297 | D:8      | Reached skill level 9 in Spellcasting
 10550 | D:8      | Reached skill level 5 in Hexes
 10880 | D:8      | Noticed a centaur warrior
 10886 | D:8      | Shot with an arrow by a centaur warrior

Skill      XL: |  1  2  3  4  5  6  7  8  9 |
---------------+----------------------------+-----
Stealth        | 3 4 |  4.6
Spellcasting   | 5 6 7 8 9 |  9.4
Conjurations   | 2 3 4 5 6 |  6.4
Air Magic      | 1 2 3 |  3.8
Dodging        | 3 4 |  4.9
Summonings     | 2 3 4 |  4.3
Poison Magic   | 1 2 3 |  3.4
Hexes          | 1 2 3 5 |  5.5
Fighting       | 1 2 |  2.1
Necromancy     | 2 |  2.2
Translocations | 2 |  2.6
Invocations    | 2 |  2.3
Evocations     | 2 |  2.1

Action                   |  1- 3 |  4- 6 |  7- 9 || total
-------------------------+-------+-------+-------++-------
Melee: Dagger            |       |     5 |       ||     5
       Mace              |       |    12 |     7 ||    19
 Fire: Hunting sling     |     4 |       |   110 ||   114
Throw: Throwing net      |       |       |     2 ||     2
 Cast: Magic Dart        |    89 |   187 |   331 ||   607
       Repel Missiles    |     1 |       |     1 ||     2
       Mephitic Cloud    |     1 |     2 |    20 ||    23
       Call Imp          |     1 |    19 |     1 ||    21
       Conjure Flame     |       |       |    15 ||    15
       Blink             |       |       |     7 ||     7
       Tukima's Dance    |       |       |     1 ||     1
Evoke: Wand              |       |       |    10 ||    10
  Use: Scroll            |       |    10 |     2 ||    12
 Stab: Confused          |       |     2 |       ||     2
  Eat: Chunk             |     3 |     6 |    16 ||    25
       Bread ration      |       |     1 |       ||     1
Armor: Robe              |     3 |    13 |    28 ||    44
Dodge: Dodged            |    11 |    29 |    95 ||   135
       Deflected         |     1 |       |     4 ||     5
